 Dungeon Crawl Stone Soup version 0.31.0-11-ge490571c62 (webtiles) character file.

Game seed: 3872537688790403071

7 qw the Shooter (level 1, -2/10 HPs)
             Began as a Spriggan Hunter on Feb 4, 2024.
             Slain by a kobold
             ... wielding a +0 dagger
              (3 damage)
             ... on level 1 of the Dungeon.
             The game lasted 00:00:00 (76 turns).

qw the Shooter (Spriggan Hunter)                      Turns: 76, Time: 00:00:00

Health: -2/10      AC:  2    Str:  7    XL:     1   Next: 91%
Magic:  2/2        EV: 18    Int: 10    God:
Gold:   0          SH:  0    Dex: 18    Spells: 0/0 levels left

rFire   . . .        a - +0 shortbow
rCold   . . .        (shield currently unavailable)
rNeg    . . .        c - +0 robe
rPois   .            (helmet restricted)
rElec   .            (no cloak)
rCorr   .            (gloves unavailable)
SInv    +            (boots unavailable)
Will    .....        (no amulet)
Stlth   ++           (no ring)
HPRegen 0.21/turn    (no ring)
MPRegen 0.08/turn

%: no passive effects
@: very quick
A: very small, no large weapons, unfitting armour, see invisible, speed 3
a: no special abilities


You were on level 1 of the Dungeon.
You visited 1 branch of the dungeon, and saw 1 of its levels.


Innate Abilities, Weirdness & Mutations

You are very small and have problems with some larger weapons.
You are too small for most types of armour.
You have supernaturally acute eyesight. (SInv)
You cover ground extremely quickly. (Speed+++)


   Skills:
 - Level 1.5 Fighting
 - Level 4.0 Ranged Weapons
 + Level 3.6 Dodging
 - Level 1.5 Stealth


You couldn't memorise any spells.
You didn't know any spells.
Your spell library was empty.

Inventory:

Hand Weapons
 a - a +0 shortbow (weapon)
Armour
 c - a +0 robe (worn)
Scrolls
 b - a scroll of butterflies

Dungeon Overview and Level Annotations

Branches:
Dungeon (1/15)

Altars:


Message History

The arrow hits the ball python.
You kill the ball python!
You hear a shout!
A dart slug comes into view.
A hobgoblin comes into view.
A rat comes into view.
You shoot an arrow. The rat squeaks loudly.
The arrow hits the hobgoblin.
The hobgoblin is almost dead.
The rat twitches its whiskers.
You shoot an arrow. The arrow hits the hobgoblin.
You kill the hobgoblin!
You shoot an arrow. The arrow hits the dart slug.
The dart slug is lightly wounded.
You shoot an arrow.
The arrow hits the dart slug but does no damage.
The dart slug is lightly wounded.
You shoot an arrow. The arrow barely misses the kobold.
The arrow hits the rat.
You kill the rat!
The dart slug launches a dart at you. The slug dart hits you.
The kobold completely misses you.
You shoot an arrow. The arrow hits the endoplasm.
The endoplasm is severely wounded.
The endoplasm freezes you.
You are frozen.
The kobold misses you.
You shoot an arrow. The arrow hits the endoplasm!
You kill the endoplasm!
The kobold misses you. The dart slug closely misses you.
You shoot an arrow. The arrow hits the dart slug.
The dart slug is moderately wounded.
The kobold misses you. The dart slug launches a dart at you.
The slug dart misses you. The kobold closely misses you.
You shoot an arrow.
The arrow hits the dart slug but does no damage.
The dart slug is moderately wounded.
The dart slug launches a dart at you. The slug dart hits you.
Ouch! That really hurt!
The kobold hits you with a +0 dagger.
You die...

#############
#...........# ##
#...........# ...
#...........#
..#####.....#### ...
#>##.....##
..#.##.##.##......##
......K@...........#
....#..w.......(..###
. #.....#.......#.#
#.#####.#..#..#.####
... ...#....%.....#
###. #..#.....#.##.#
. #..#..#....##.# .
##.....#..####.#
...............#


You could see a dart slug and a kobold.

Vanquished Creatures
  2 endoplasms (D:1)
  A hobgoblin (D:1)
  2 ball pythons (D:1)
  2 rats (D:1)
7 creatures vanquished.

Notes
Turn   | Place    | Note
-------+----------+-------------------------------------------
     0 | D:1      | qw the Spriggan Hunter began the quest for the Orb.
     0 | D:1      | Reached XP level 1. HP: 10/10 MP: 2/2
     0 | D:1      | 0 ||| qw: Version: 0.3-a-160-g6735b56
     0 | D:1      | 0 ||| qw: Game counter: 5236
     0 | D:1      | 0 ||| qw: Melee chars always use a shield: true
     0 | D:1      | 0 ||| qw: God list: Okawaru
     0 | D:1      | 0 ||| qw: Allow faded altars: false
     0 | D:1      | 0 ||| qw: Do Orc after clearing Dungeon:15 true
     0 | D:1      | 0 ||| qw: Do second Lair branch before Depths: true
     0 | D:1      | 0 ||| qw: Lair rune preference: random
     0 | D:1      | 0 ||| qw: Goals: Normal
     0 | D:1      | 0 ||| PLANNING D:1-11
    26 | D:1      | Reached skill level 3 in Dodging
    76 | D:1      | HP: 1/10 [dart slug/slug dart (5)]
    76 | D:1      | Slain by a kobold

Levels and vault maps discovered:
D:1:      pf_arrival_petrified_forest, layout_basic, serial_shops, shop

Skill      XL: |  1 |
---------------+----+-----
Dodging        | 3 |  3.6
Fighting       | |  1.5
Ranged Weapons | |  4.0
Stealth        | |  1.5

Action                     || total
---------------------------++-------
   Fire: Shortbow          ||    16
 Armour: Robe              ||     3
  Dodge: Dodged            ||     9

Table legend:
 A = Non-vault XP
 B = Vault XP
 C = Vault XP percentage of total XP
 D = Non-vault monster count
 E = Vault monster count
 F = Vault count percentage of total count
                 A         B        C        D         E       F
            +---------+---------+-------+---------+---------+-------
      Total |      11 |       0 |   0.0 |       7 |       0 |   0.0
            +---------+---------+-------+---------+---------+-------
        D:1 |      11 |       0 |   0.0 |       7 |       0 |   0.0
            +---------+---------+-------+---------+---------+-------
